 Dungeon Crawl Stone Soup version 0.31-a0-102-g33a4ccc0cb (webtiles) character file.

Game seed: 5381644537799925455

3433 Jackthecabe the Cleaver (level 10, -1/88 HPs)
             Began as a Hill Orc Reaver on May 26, 2023.
             Was a Believer of Beogh.
             Slain by a wraith (10 damage)
             ... on level 6 of the Dungeon.
             The game lasted 00:22:36 (9606 turns).

Jackthecabe the Cleaver (Hill Orc Reaver)           Turns: 9606, Time: 00:22:37

Health: -1/88      AC:  1    Str: 20    XL:     10   Next: 5%
Magic:  16/16      EV:  7    Int: 13    God:    Beogh [**....]
Gold:   614        SH:  8    Dex:  9    Spells: 11/12 levels left

rFire   . . .        a - +0 hand axe
rCold   . . .        t - +0 kite shield
rNeg    . . .        f - +0 chain mail
rPois   .            w - +0 helmet
rElec   .            n - +0 cloak
rCorr   .            (no gloves)
SInv    +            (no boots)
Will    .....        (no amulet) Stlth
                     v - ring of see invisible
HPRegen 0.34/turn    (no ring)
MPRegen 0.15/turn

%: no passive effects
@: corroded, on berserk cooldown, slowed, very slow
A: no striking features
a: Renounce Religion, Smiting


You were on level 6 of the Dungeon.
You worshipped Beogh.
Beogh was pleased with you.
You visited 2 branches of the dungeon, and saw 8 of its levels.
You also visited: Ossuary.

You collected 636 gold pieces.
You spent 22 gold pieces at shops.


   Skills:
 - Level 8.0 Fighting
 + Level 8.7 Axes
 - Level 8.0 Armour
 - Level 1.5 Dodging
 - Level 5.0 Shields
 - Level 1.5 Spellcasting
 - Level 3.0 Conjurations
 - Level 8.0 Invocations
 - Level 2.0 Evocations


You had 11 spell levels left.
You knew the following spells:

 Your Spells              Type           Power      Damage    Failure   Level
X - Kiss of Death         Conj/Necr      16%        2d6       91%         1

Your spell library contained the following spells:

 Spells                   Type           Power      Damage    Failure   Level
 Momentum Strike          Conj/Tloc      8%         3d8       97%         2
 Static Discharge         Conj/Air       8%         2-3/arc   97%         2
 Slow                     Hex            4%         N/A       98%         1
 Poisonous Vapours        Pois/Air       0%         N/A       99%         2
 Confusing Touch          Hex            1%         N/A       100%        3
 Gell's Gravitas          Tloc           1%         N/A       100%        3
 Hailstorm                Conj/Ice       4%         3d4       100%        3
 Mephitic Cloud           Conj/Pois/Air  2%         N/A       100%        3
 Teleport Other           Tloc           1%         N/A       100%        3
 Vampiric Draining        Necr           1%         2d6       100%        3
 Airstrike                Air            0%         2d(1-17)  100%        4
 Animate Armour           Summ/Erth      0%         N/A       100%        4
 Summon Lightning Spire   Summ/Air       0%         N/A       100%        4
 Blade Hands              Tmut           0%         N/A       100%        5
 Freezing Cloud           Conj/Ice/Air   1%         6-21      100%        5
 Dispersal                Tloc           0%         N/A       100%        6

Inventory:

Hand Weapons
 a - a +0 hand axe (weapon)
Missiles
 k - 3 silver boomerangs
 y - 3 silver javelins
Armour
 f - a +0 chain mail (worn)
 h - a +8 chain mail of ponderousness
 n - a +0 cloak (worn)
 t - a +0 kite shield (worn)
 w - a +0 helmet (worn)
Magical Staves
 s - a staff of conjuration {!a}
Jewellery
 v - a ring of see invisible (left hand)
Scrolls
 b - a scroll of immolation {unknown}
 c - 3 scrolls of magic mapping {unknown}
 d - a scroll of vulnerability {unknown}
 j - a scroll of torment {unknown}
 l - 3 scrolls of fog {unknown}
 m - 2 scrolls of teleportation {unknown}
 p - 2 scrolls of noise {unknown}
 q - 2 scrolls of amnesia {unknown}
 r - a scroll of enchant armour {unknown}
 u - 2 scrolls of blinking {unknown}
 A - a scroll of poison {unknown}
Potions
 e - a potion of curing {unknown}
 g - 3 potions of enlightenment
 i - 3 potions of magic
 C - 2 potions of brilliance
 D - a potion of might {unknown}

Dungeon Overview and Level Annotations

Branches:
Dungeon (7/15)             Temple (1/1) D:7         Ossuary (visited)

Altars:
Ashenzari
Cheibriados
Dithmenos
Elyvilon
Fedhas
Gozag
Hepliaklqana
Kikubaaqudgha
Makhleb
Nemelex Xobeh
Okawaru
Qazlal
Ru
Sif Muna
Uskayaw
Vehumet
Xom
Yredelemnul
Zin
The Shining One

Shops:
D:1 ?   D:6 :

Annotations:
D:3 3 runed translucent doors, DeltaZero's ghost, amateur HuCj
D:7 greasedhog's ghost, novice DrFi

.(.....# ######.#
.......# ...###.# ...#
#.########### ...#
#.#....'....# ...#
#.#....#..⌠.# #'##
#.#.)..#.⌠..# ..#
#.#>)..#..)@# ###
#.#########W#
######[##...# .oo.
.....)>##.#.# .......
#########.#.#.........#
##..........#.........'
.#.######.#############
.#.# #.......######
.#.# #######.#....#


You could see a wraith and 2 orc wizards.


Message History

You feel as though you will be slow longer.
The orc wizard hits you with a +0 dagger.
* * * LOW HITPOINT WARNING * * *
You hit the orc wizard but do no damage.
The orc wizard is almost dead.
You hit the wraith but do no damage.
The orc wizard points at you and mumbles some strange words.
You block the puff of flame. The wraith completely misses you.
Unknown command.
Unknown command.
You closely miss the wraith. You closely miss the orc wizard.
The orc wizard hits you with a +0 dagger.
* * * LOW HITPOINT WARNING * * *
The wraith hits you!
* * * LOW HITPOINT WARNING * * *
The wraith drains your vigour!
You feel as though you will be slow longer.
The orc wizard gestures at you while chanting.
You easily resist.
You hit the wraith but do no damage. You hit the orc wizard.
You kill the orc wizard!
Beogh accepts your kill. The wraith closely misses you.
Unknown command.
You closely miss the wraith.
You are no longer berserk.
You are exhausted.
You feel as though you will be slow longer.
The wraith hits you!
You die...

Skill      XL: |  1  2  3  4  5  6  7  8  9 |
---------------+----------------------------+-----
Fighting       | 3 4 8 |  8.0
Axes           | 5 6 8 |  8.7
Armour         | 2 4 6 8 |  8.0
Shields        | 5 |  5.0
Invocations    | 2 8 |  8.0
Evocations     | 1 2 |  2.0
Dodging        | |  1.5
Spellcasting   | |  1.5
Conjurations   | |  3.0

Action                     |  1- 3 |  4- 6 |  7- 9 | 10-12 || total
---------------------------+-------+-------+-------+-------++-------
  Melee: Hand axe          |   155 |   184 |   609 |    57 ||  1005
         Punch             |     1 |     4 |       |       ||     5
  Throw: Dart              |       |     2 |     5 |     3 ||    10
         Boomerang         |       |       |     2 |     4 ||     6
 Invoke: Convert to Beogh  |       |     1 |       |       ||     1
  Evoke: Wand              |       |     4 |     9 |     1 ||    14
    Use: Scroll            |     1 |     1 |     3 |       ||     5
         Potion            |       |     1 |     2 |     2 ||     5
 Armour: Leather armour    |    40 |       |       |       ||    40
         Chain mail        |    46 |   134 |   382 |    18 ||   580
  Dodge: Dodged            |    92 |    72 |   176 |    17 ||   357
  Block: Kite shield       |       |     3 |   241 |    16 ||   260

Levels and vault maps discovered:
D:1:      dpeg_arrival_long_road, layout_basic, serial_forest,
          infiniplex_forest_lined_corner, infiniplex_forest_fountain,
          infiniplex_forest_lined_room_3, infiniplex_forest_lined_room_2,
          infiniplex_forest_clump_long, infiniplex_forest_lined_2,
          nicolae_nh_oracle_at_delphi
D:2:      layout_rooms
D:3:      layout_loops_corners, lemuel_zombie_altar_kikubaaqudgha,
          ebering_ghost_rock_garden, serial_glass, glass_columns_b,
          glass_columns_a, glass_columns_b, glass_columns_c, glass_columns_a,
          minmay_strange_pillars, item_on_display_a, item_on_display_a,
          minmay_strange_pillars, shapermc_ecumenical_altar_venn
D:4:      layout_basic, uniq_duvessa, uniq_eustachio
D:5:      kennysheep_big_flooded_room, layout_loops_ring, grunt_decor_junction
D:6:      minmay_klotski, layout_basic, mainiacjoe_overflow_surrounded_room,
          serial_shops, shop, chequers_ossuary_entry_cave,
          guppyfry_early_elven_hall
D:7:      layout_cave_pods, minmay_temple_entry_glassed_door,
          gammafunk_ghost_berserking_beasts
Temple:   regret_index_temple_mists

Notes
Turn   | Place    | Note
-------+----------+-------------------------------------------
     0 | D:1      | Jackthecabe the Hill Orc Reaver began the quest for the
                  | Orb.
     0 | D:1      | Reached XP level 1. HP: 18/18 MP: 3/3
   125 | D:1      | Reached XP level 2. HP: 23/25 MP: 4/4
   178 | D:1      | Reached skill level 3 in Fighting
   454 | D:1      | Reached XP level 3. HP: 31/31 MP: 5/5
   542 | D:1      | Found The Oracle's Delphic Readings.
   582 | D:1      | Bought a scroll of identify for 22 gold pieces
   917 | D:2      | Reached skill level 5 in Axes
  1317 | D:2      | Reached skill level 4 in Fighting
  1317 | D:2      | Reached XP level 4. HP: 33/40 MP: 6/6
  1411 | D:3      | Found a faded altar of an unknown god.
  1660 | D:3      | Found an ancient bone altar of Kikubaaqudgha.
  1762 | D:3      | Reached skill level 6 in Axes
  1780 | D:3      | Reached XP level 5. HP: 22/46 MP: 7/7
  2034 | D:3      | Found a runed translucent gate.
  2034 | D:3      | Found a runed translucent gate.
  2034 | D:3      | Found a runed translucent gate.
  2409 | D:3      | Noticed DeltaZero's ghost (amateur HuCj)
  2468 | D:4      | Reached skill level 7 in Axes
  2545 | D:4      | Noticed Eustachio
  2578 | D:4      | Killed Eustachio
  2579 | D:4      | Reached skill level 8 in Axes
  2579 | D:4      | Reached skill level 2 in Armour
  2579 | D:4      | Reached XP level 6. HP: 28/52 MP: 8/8
  2861 | D:4      | Reached skill level 3 in Armour
  3079 | D:4      | Became a worshipper of Beogh the Brigand
  3082 | D:4      | Noticed a sky beast
  3142 | D:4      | Killed a sky beast
  3143 | D:4      | Reached skill level 4 in Armour
  3143 | D:4      | Reached XP level 7. HP: 59/59 MP: 9/9
  3565 | D:4      | Reached skill level 5 in Armour
  3817 | D:4      | Noticed Dowan
  3979 | D:5      | Entered Level 5 of the Dungeon
  4171 | D:5      | Reached skill level 6 in Armour
  4284 | D:5      | Noticed a komodo dragon
  4601 | D:4      | Reached XP level 8. HP: 58/66 MP: 10/10
  4848 | D:4      | Noticed Duvessa
  4873 | D:4      | Killed Duvessa
  4874 | D:4      | Reached skill level 7 in Armour
  4981 | D:4      | Killed Dowan
  5308 | D:5      | Identified the +1 leather armour "Lastaagh" {Harm *Corrode
                  | rC+}
  5324 | D:5      | Reached skill level 8 in Armour
  5324 | D:5      | Reached skill level 1 in Shields
  5472 | D:5      | Reached skill level 2 in Shields
  5619 | D:5      | HP: 5/66 [acid (8)]
  5621 | D:5      | Reached skill level 3 in Shields
  6161 | D:5      | Reached skill level 4 in Shields
  6267 | D:5      | Killed a komodo dragon
  6268 | D:5      | Reached skill level 5 in Shields
  6268 | D:5      | Reached skill level 2 in Invocations
  6268 | D:5      | Reached skill level 1 in Evocations
  6418 | D:5      | Reached XP level 9. HP: 33/71 MP: 11/11
  6666 | D:5      | Reached * piety under Beogh
  6667 | D:5      | Reached skill level 3 in Invocations
  6667 | D:5      | Reached skill level 2 in Evocations
  6762 | D:6      | Reached skill level 4 in Invocations
  6988 | D:6      | Found a hide-covered altar of Uskayaw.
  7014 | D:6      | Found Sish's Book Emporium.
  7053 | D:6      | Reached skill level 5 in Invocations
  7131 | D:6      | Found a sand-covered staircase.
  7138 | Ossuary  | Entered an ossuary
  7637 | D:6      | Noticed a deep elf zephyrmancer
  7652 | D:6      | Killed a deep elf zephyrmancer
  7653 | D:6      | Reached skill level 7 in Invocations
  7958 | D:6      | Reached skill level 8 in Invocations
  8187 | D:7      | Found a staircase to the Ecumenical Temple.
  8192 | Temple   | Entered the Ecumenical Temple
  8391 | D:7      | Reached skill level 5 in Fighting
  8640 | D:7      | Reached skill level 6 in Fighting
  8874 | D:7      | Reached ** piety under Beogh
  8902 | D:6      | Reached skill level 7 in Fighting
  9180 | D:7      | Reached skill level 8 in Fighting
  9180 | D:7      | Reached XP level 10. HP: 43/88 MP: 16/16
  9188 | D:7      | HP: 6/88 [yak (12)]
  9526 | D:7      | Noticed a moth of wrath
  9549 | D:7      | Noticed greasedhog's ghost (novice DrFi)
  9604 | D:6      | HP: 12/132 [wraith (10)]
  9606 | D:6      | Slain by a wraith

Vanquished Creatures
  A deep elf zephyrmancer (D:6)
  A komodo dragon (D:5)
  Eustachio (D:4)
  A yak (D:7)
  Duvessa (D:4)
  2 sky beasts
  2 black bears
  2 ogres
  A phantom (D:6)
  4 centaurs
  A kobold brigand (D:6)
  A bullfrog (D:7)
  3 scorpions
  A gnoll sergeant (D:6)
  Dowan (D:4)
  2 howler monkeys
  3 orc priests
  5 hounds
  2 human zombies (Ossuary)
  3 jellies
  3 sleepcaps
  2 iguanas
  5 orc wizards
  2 mummies (Ossuary)
  8 adders
  5 gnolls
  A shadow imp (D:6)
  An ufetubus (D:4)
  2 worms (D:4)
  A dart slug (D:1)
  25 orcs
  4 ball pythons
  6 bats
  3 bat zombies (D:3)
  9 endoplasms
  4 giant cockroaches
  3 gnoll zombies (Ossuary)
  8 hobgoblins
  3 jackals (D:1)
  5 quokkas
  A frilled lizard (D:2)
  8 goblins
  A goblin zombie (Ossuary)
  3 hobgoblin zombies (Ossuary)
  11 kobolds
  5 orc zombies (Ossuary)
  4 rats
  3 rat zombies (D:3)
174 creatures vanquished.

Vanquished Creatures (others)
  An orc priest (D:4)
  2 orcs (D:4)
3 creatures vanquished.

Grand Total: 177 creatures vanquished

Table legend: (Time is in decaauts)
 A = Elapsed time spent in this place.
 B = Non-inter-level travel time spent in this place.
 C = Inter-level travel time spent in this place.
 D = Time resting spent in this place.
 E = Time spent auto-exploring this place.
 F = Levels seen in this place.
 G = Mean time per level.
                   A        B        C        D        E       F      G
               +--------+--------+--------+--------+--------+-----+--------+
         Total |   9910 |   9460 |    450 |   2228 |   4505 |   9 | 1101.1 |
       Dungeon |   9443 |   9015 |    428 |   2228 |   4245 |   7 | 1349.0 |
        Temple |    204 |    182 |     22 |      0 |    159 |   1 |  204.0 |
       Ossuary |    262 |    262 |      0 |      0 |    101 |   1 |  262.0 |
               +--------+--------+--------+--------+--------+-----+--------+

Top non-repeatable levels by time:
     D:4: 2202 daAuts
     D:6: 1913 daAuts
     D:3: 1754 daAuts
     D:5: 1582 daAuts
     D:1: 823 daAuts
     D:2: 587 daAuts
     D:7: 578 daAuts
 Ossuary: 262 daAuts
  Temple: 204 daAuts

Table legend:
 A = Non-vault XP
 B = Vault XP
 C = Vault XP percentage of total XP
 D = Non-vault monster count
 E = Vault monster count
 F = Vault count percentage of total count
                 A         B        C        D         E       F
            +---------+---------+-------+---------+---------+-------
      Total |    3227 |    1678 |  34.2 |     138 |      36 |  20.7
            +---------+---------+-------+---------+---------+-------
        D:1 |      56 |       4 |   6.7 |      24 |       2 |   7.7
        D:2 |      33 |       0 |   0.0 |      14 |       0 |   0.0
        D:3 |     158 |       9 |   5.4 |      19 |       6 |  24.0
        D:4 |     591 |     422 |  41.7 |      27 |       3 |  10.0
        D:5 |     777 |     434 |  35.8 |      17 |       2 |  10.5
        D:6 |     686 |     673 |  49.5 |      22 |       7 |  24.1
        D:7 |     926 |       0 |   0.0 |      15 |       0 |   0.0
    Ossuary |       0 |     136 | 100.0 |       0 |      16 | 100.0
            +---------+---------+-------+---------+---------+-------
